 Dungeon Crawl Stone Soup version 0.25-a0-42-g6c54e25894 (webtiles) character file.

Game seed: 732328630917503469, levelgen mode: deterministic

136 Johnny the Poker (level 4, -6/38 HPs)
             Began as a Demigod Gladiator on Oct 23, 2019.
             Killed by nerve-wracking pain
             ... invoked by a shadow imp
              (13 damage)
             ... on level 4 of the Dungeon.
             The game lasted 00:02:28 (2339 turns).

Johnny the Poker (Demigod Gladiator)                Turns: 2339, Time: 00:02:29

Health: -6/38      AC:  6    Str: 19    XL:     4   Next: 67%
Magic:  6/6        EV: 18    Int: 12    God:
Gold:   159        SH:  0    Dex: 22    Spells: 3/3 levels left

rFire    . . .     SeeInvis .   a - +0 trident
rCold    . . .     Gourm    .   (no shield)
rNeg     . . .     Faith    .   b - +0 leather armour
rPois    .         Spirit   .   n - +2 hat
rElec    .         Reflect  .   m - +0 cloak
rCorr    .         Harm     .   (no gloves)
MR       .....                  (no boots)
Stlth    +++.......             p - amulet of magic regeneration
HPRegen  0.12/turn              u - ring of wizardry
MPRegen  0.35/turn              (no ring)

@: agile, very slightly contaminated, invisible
A: high mp 1
a: no special abilities


You were on level 4 of the Dungeon.
You were hungry.

You visited 1 branch of the dungeon, and saw 4 of its levels.

You collected 159 gold pieces.

Inventory:

Hand Weapons
 a - a +0 trident (weapon)
Missiles
 d - 3 throwing nets (quivered)
Armour
 b - a +0 leather armour (worn)
 c - a +0 helmet
 m - a +0 cloak (worn)
 n - a +2 hat (worn)
Jewellery
 p - an amulet of magic regeneration (around neck)
 u - a ring of wizardry (left hand)
Scrolls
 e - 3 scrolls of teleportation {unknown}
 h - a scroll of amnesia {unknown}
 i - 2 scrolls of identify {unknown}
 j - a scroll of blinking {unknown}
 l - a scroll of remove curse {unknown}
 o - a scroll of noise {unknown}
 r - a scroll of enchant weapon {unknown}
 t - a scroll of magic mapping {unknown}
 v - a scroll of immolation {unknown}
Potions
 g - a potion of heal wounds {unknown}
 k - a potion of might {unknown}
 q - a potion of agility
 s - 2 potions of invisibility
 w - a potion of flight {unknown}
 x - a potion of haste {unknown}
Comestibles
 f - 4 rations


   Skills:
 + Level 3.0 Fighting
 * Level 4.5 Polearms
 - Level 1.7 Throwing
 - Level 2.6 Dodging


You had 3 spell levels left.
You didn't know any spells.
Your spell library was empty.

Dungeon Overview and Level Annotations

Branches:
Dungeon (4/15)
 Temple: D:4-7


Innate Abilities, Weirdness & Mutations

You have an increased reservoir of magic. (+10% MP)


Message History

The orc is severely wounded.
The orc barely misses you.
Attack whom?
Press: ? - help, Dir - move target cursor, f/p - orc
Aim: an orc (severely wounded)
You hit the orc but do no damage.
The orc is severely wounded.
Attack whom?
Press: ? - help, Dir - move target cursor, f/p - orc
Aim: an orc (severely wounded, hasn't noticed you)
You puncture the orc!
You kill the orc!
Attack whom?
Press: ? - help, Dir - move target cursor, f - shadow imp
Aim: a shadow imp You hit the shadow imp.
The shadow imp is severely wounded.
The shadow imp gestures at you. Pain shoots through your body!
You die...

... ##+### ...
#....##.. .......
..... ... ####'#
...##....############
.......<...##..5@...##
.........[.#.♣#####♣.#
..........5#.# #.#
#####.....[#.# #.#
######.oo# +.# ###o#
#.# #.# #.#
#.♣#####♣.#
##.o.....##


You could see a shadow imp.

Vanquished Creatures
  An orc wizard (D:4)
  3 adders (D:3)
  An ooze (D:1)
  A worm (D:2)
  A dart slug (D:3)
  4 leopard geckos
  6 orcs
  6 giant cockroaches
  7 goblins
  4 hobgoblins
  4 jackals
  A ball python (D:1)
  5 bats
  4 frilled lizards
  11 kobolds
  5 rats
64 creatures vanquished.

Notes
Turn   | Place    | Note
-------+----------+-------------------------------------------
     0 | D:1      | Johnny the Demigod Gladiator began the quest for the Orb.
     0 | D:1      | Reached XP level 1. HP: 17/17 MP: 3/3
    22 | D:1      | Reached skill level 3 in Polearms
    88 | D:1      | Reached XP level 2. HP: 12/24 MP: 4/4
   611 | D:1      | Reached XP level 3. HP: 29/29 MP: 5/5
   935 | D:2      | Found a glowing golden altar of the Shining One.
  1016 | D:2      | Found a shadowy altar of Dithmenos.
  1405 | D:2      | Found an opulent altar of Gozag.
  1405 | D:2      | Found a burning altar of Makhleb.
  1744 | D:3      | Reached skill level 4 in Polearms
  1820 | D:3      | Reached XP level 4. HP: 21/37 MP: 6/6
  2062 | D:3      | Found a sparkling altar of Nemelex Xobeh.
  2339 | D:4      | Killed from afar by a shadow imp

Levels and vault maps discovered:
D:1:      lightli_arrival_noodles, layout_loops_ring
D:2:      layout_loops_ring, grunt_dithmenos_smoke, old_standard_altar,
          gammafunk_temple_overflow_elements
D:3:      layout_rooms, old_standard_altar, minmay_misc_feat_square,
          grunt_ministairs_6
D:4:      layout_gridville, first_ration, grunt_ministairs_11, minmay_pentangle,
          uniq_pikel

Skill      XL: |  1  2  3  4 |
---------------+-------------+-----
Fighting       | 2 3 |  3.0
Polearms       | 3 4 |  4.5
Throwing       | |  1.7
Dodging        | |  2.6

Action                   |  1- 3 |  4- 6 || total
-------------------------+-------+-------++-------
Melee: Trident           |   166 |    54 ||   220
  Use: Potion            |       |     2 ||     2
 Stab: Sleeping          |     7 |     1 ||     8
  Eat: Chunk             |     3 |     1 ||     4
Armor: Leather armour    |    37 |    33 ||    70
Dodge: Dodged            |   111 |    51 ||   162

Table legend:
 A = Non-vault XP
 B = Vault XP
 C = Vault XP percentage of total XP
 D = Non-vault monster count
 E = Vault monster count
 F = Vault count percentage of total count
                 A         B        C        D         E       F
            +---------+---------+-------+---------+---------+-------
      Total |     143 |      52 |  26.7 |      61 |       3 |   4.7
            +---------+---------+-------+---------+---------+-------
        D:1 |      48 |       0 |   0.0 |      27 |       0 |   0.0
        D:2 |      24 |       0 |   0.0 |      12 |       0 |   0.0
        D:3 |      65 |      13 |  16.7 |      20 |       1 |   4.8
        D:4 |       6 |      39 |  86.7 |       2 |       2 |  50.0
            +---------+---------+-------+---------+---------+-------
